 Dungeon Crawl Stone Soup version 0.16-a0-890-g98fc465 (webtiles) character file.

149 Chiseanne the Covert (level 5, 0/25 HPs)
             Began as a Spriggan Assassin on Sept 29, 2014.
             Was an Initiate of Gozag.
             Slain by Duskembrace's ghost (11 damage)
             ... on Level 4 of the Dungeon.
             The game lasted 00:10:37 (3212 turns).

Chiseanne the Covert (Spriggan Assassin)            Turns: 3212, Time: 00:10:37

HP   0/25        AC  4     Str  7      XL: 5   Next:  9%
MP  10/10        EV 17     Int 17      God: Gozag
Gold 1           SH  0     Dex 19      Spells:  0 memorised,  4 levels left

rFire  . . .     SeeInvis +     a - +2 dagger
rCold  . . .     Clarity  .     c - +0 robe
rNeg   . . .     rCorr    .     (shield restricted)
rPois  .         rRot     .     (helmet restricted)
rElec  .         Spirit   .     d - +1 cloak
SustAb .         Warding  .     (gloves unavailable)
rMut   .         Stasis   .     (boots unavailable)
Gourm  .                        (no amulet)
MR     .....                    (no ring)
                                k - ring of wizardry

@: brilliant, very quick, not resistant to hostile enchantments, quite stealthy
A: unfitting armour, see invisible, herbivore 3, speed 3, slow metabolism 2
a: Potion Petition, Call Merchant, Bribe Branch, Renounce Religion


You were on level 4 of the Dungeon.
You worshipped Gozag.
Gozag was noncommittal.
You were not hungry.

You visited 1 branch of the dungeon, and saw 4 of its levels.

You collected 66 gold pieces.
You paid 65 gold pieces to Gozag.

Inventory:

Hand weapons
 a - a +2 dagger (weapon)
 w - a +0 blowgun
Missiles
 e - 19 poisoned needles
 f - a curare-tipped needle
Armour
 c - a +0 robe (worn)
 d - a +1 cloak (worn)
Comestibles
 h - a bread ration
 l - a royal jelly
Scrolls
 n - 2 scrolls of remove curse
 p - a scroll of enchant armour
Jewellery
 k - a ring of wizardry (left hand)
 m - an uncursed ring of ice
Potions
 b - a potion of cure mutation
 g - 2 potions of porridge
 j - 2 potions of magic


   Skills:
 - Level 1.5 Fighting
 - Level 2.1 Short Blades
 - Level 2.1 Throwing
 - Level 1.5 Dodging
 * Level 9.8 Stealth


You had 4 spell levels left.
You didn't know any spells.

Dungeon Overview and Level Annotations

Branches:
Dungeon (4/15)
 Temple: D:4-7

Altars:
Dithmenos
Elyvilon
Gozag
Kikubaaqudgha
Nemelex Xobeh
Okawaru

Annotations:
D:3 Grinder
D:4 Duskembrace's ghost, average MfGl


Innate Abilities, Weirdness & Mutations

You are tiny and cannot use many weapons and most armour.
You have supernaturally acute eyesight.
You are a herbivore.
You cover ground extremely quickly.
You need consume almost no food.


Message History

Duskembrace's ghost is lightly damaged.
Duskembrace's ghost hits you but does no damage.
Wield which item (- for none, * to show all)? (? for menu, Esc to quit)
Okay, then.
You hit Duskembrace's ghost.
Duskembrace's ghost is lightly damaged.
Duskembrace's ghost hits you.
You hit Duskembrace's ghost but do no damage.
Duskembrace's ghost is lightly damaged.
Duskembrace's ghost barely misses you.
A rat comes into view.
You hit Duskembrace's ghost but do no damage.
Duskembrace's ghost is lightly damaged.
Duskembrace's ghost closely misses you.
You closely miss Duskembrace's ghost.
Duskembrace's ghost is lightly damaged.
Duskembrace's ghost hits you! Duskembrace's ghost hits you!
You die...
Your body crumbles into a pile of gold.

#. #. .# #.# #.
###.. . ...>
.###.#
#####.r##.....#
#......W....#
#.......@#
#######.....#
...........
############


You could see Duskembrace's ghost and a rat.

Vanquished Creatures
  Natasha (twice) (D:3)
  4 adders
  5 worms
  3 giant geckos
  2 giant cockroaches (D:3)
  3 goblins
  5 hobgoblins
  7 jackals
  7 bats
  3 giant newts (D:1)
  A kobold (D:3)
  9 rats
51 creatures vanquished.

Notes
Turn   | Place    | Note
--------------------------------------------------------------
     0 | D:1      | Chiseanne, the Spriggan Assassin, began the quest for the Orb.
     0 | D:1      | Reached XP level 1. HP: 10/10 MP: 2/2
    83 | D:1      | Reached skill level 6 in Stealth
   199 | D:1      | Reached XP level 2. HP: 14/14 MP: 4/4
   293 | D:1      | Found a sparkling altar of Nemelex Xobeh.
   661 | D:1      | Reached skill level 7 in Stealth
  1231 | D:2      | Reached XP level 3. HP: 18/18 MP: 6/6
  1357 | D:2      | Reached skill level 8 in Stealth
  1490 | D:2      | Reached XP level 4. HP: 9/22 MP: 8/8
  1989 | D:3      | Found an ancient bone altar of Kikubaaqudgha.
  2232 | D:3      | Reached skill level 9 in Stealth
  2454 | D:3      | Noticed Natasha
  2536 | D:3      | Noticed Grinder
  2849 | D:3      | Killed Natasha
  2849 | D:3      | Reached XP level 5. HP: 21/25 MP: 10/10
  2910 | D:3      | Noticed Natasha
  2950 | D:3      | Killed Natasha
  3049 | D:3      | Found a white marble altar of Elyvilon.
  3159 | D:3      | Found an iron altar of Okawaru.
  3161 | D:3      | Found a shadowy altar of Dithmenos.
  3166 | D:3      | Found an opulent altar of Gozag.
  3173 | D:3      | Became a worshipper of Gozag Ym Sagoz the Greedy
  3205 | D:4      | Noticed Duskembrace's ghost (average MfGl)
  3212 | D:4      | Slain by Duskembrace's ghost

Action                   |  1- 3 |  4- 6 || total
-------------------------+-------+-------++-------
Melee: Dagger            |    68 |    77 ||   145
       Spear             |    33 |       ||    33
 Fire: Blowgun           |     3 |    20 ||    23
  Use: Scroll            |    10 |     2 ||    12
       Potion            |       |     4 ||     4
 Stab: Sleeping          |    10 |     1 ||    11
